AoeStats
← ហេតុអ្វីអ្

Arabian Desert

510915113Analyzed
1v1 RM · 15h ago on Oct 3, 2026· 54m 48s· 2 players
Game mode
Random Map
Map size
Tiny (2 player)
Population
200
Speed
Normal
Resources
Standard
Victory
Conquest
Starting age
Dark Age
Ending age
Imperial Age
RankedLock teamsTeams togetherTeam positionsShared explorationLock speedFull tech treeHidden civsTurbo modeCheats
Victory
Defeat
🇲🇽 Saxons · Mexico
1620
+17
1639
-17
Psi doc
6:22 Loom
9:06 Feudal Age
9:18 Man-at-Arms
21:39 Double-Bit Axe
25:47 Castle Age
24:03 Horse Collar
24:47 Bloodlines
27:52 Wheelbarrow
27:31 Bow Saw
30:32 Husbandry
30:52 Fletching
31:32 Bodkin Arrow
33:22 Scale Mail Armor
34:05 Stone Mining
34:50 Chain Mail Armor
35:09 Forging
35:22 Squires
35:08 Arson
37:03 Gambesons
40:36 Iron Casting
48:17 Heavy Plow
57:11 Imperial Age
ហេតុអ្វីអ្
6:11 Loom
9:09 Feudal Age
9:33 Man-at-Arms
14:23 Double-Bit Axe
17:27 Fletching
23:18 Castle Age
23:42 Elite Skirmisher
26:25 Bow Saw
27:38 Scale Barding Armor
29:04 Wheelbarrow
30:03 Bodkin Arrow
30:45 Padded Archer Armor
32:43 Gold Mining
32:42 Town Watch
34:45 Stone Mining
35:09 Forging
37:10 Chain Barding Armor
37:26 Iron Casting
38:51 Horse Collar
41:23 Leather Archer Armor
46:05 Scale Mail Armor
Connection lost

Rejoining the realm…

Still unreachable

The connection could not be restored.

Session expired

The server has moved on; the page needs a fresh start.